 Dungeon Crawl Stone Soup version 0.28-a0-1159-g27aa881441 (webtiles) character file.

Game seed: 2489681616541123467

40880 yoda5477 the Grappler (level 13, -10/104 HPs)
             Began as a Demonspawn Transmuter on Dec 15, 2021.
             Was an Elder of Wu Jian.
             Mangled by a meliai (11 damage)
             ... on level 5 of the Lair of Beasts.
             The game lasted 01:58:16 (23080 turns).

yoda5477 the Grappler (Demonspawn Transmuter)      Turns: 23080, Time: 01:58:16

Health: -10/104    AC:  2    Str: 23    XL:     13   Next: 77%
Magic:  21/22      EV: 14    Int: 14    God:    Wu Jian [****..]
Gold:   1023       SH:  0    Dex: 13    Spells: 22/25 levels left

rFire   . . .      SeeInvis .   a - +7 whip "Gippew" {flame, Stlth+}
rCold   . . .      Faith    .   (no shield)
rNeg    . . .      Spirit   .   (no armour)
rPois   .          Reflect  .   (helmet currently unavailable)
rElec   .          Harm     .   r - +0 cloak
rCorr   .          Rampage  .   (gloves currently unavailable)
Will    +....                   (boots currently unavailable)
Stlth   +++.......              g - amulet of regeneration
HPRegen 1.07/turn               A - ring of willpower
MPRegen 0.18/turn               O - +6 ring of strength

@: lethally poisoned (-10 -> -32), appendages
A: horns 2, talons 2, claws 1, foul stench 2, sharp scales 1
a: End Transformation, Renounce Religion, Wall Jump, Serpent's Lash


You were on level 5 of the Lair of Beasts.
You worshipped Wu Jian.
Wu Jian was greatly pleased with you.
You had temporarily grown beastly horns and talons.
You visited 3 branches of the dungeon, and saw 19 of its levels.

You collected 1023 gold pieces.

Inventory:

Hand Weapons
 a - the +7 whip "Gippew" (weapon) {flame, Stlth+}
   (You found it on level 5 of the Dungeon)

   It burns those it strikes, dealing additional fire damage.
   Stlth:     It makes you more stealthy.
 b - a +4 triple crossbow
 f - a +0 broad axe
 t - a +0 demon trident
 R - a +2 vorpal arbalest
 U - a +2 antimagic whip
Missiles
 d - 17 boomerangs
 j - 55 poisoned darts (quivered)
 H - 163 bolts
Armour
 l - the +0 scale mail of Ennui {+Blink rPois Str+4 Dex+3}
   (You found it on level 10 of the Dungeon)

   Str:       It affects your strength (+4).
   Dex:       It affects your dexterity (+3).
   rPois:     It protects you from poison.
   +Blink:    It lets you blink.
 r - a +0 cloak (worn)
 u - a +5 scale mail
 D - +0 acid dragon scales
 E - the +5 ring mail of the Original Sin {Rampage rPois rC- Str+5}
   (You found it on level 6 of the Lair of Beasts)

   Str:       It affects your strength (+5).
   rC:        It makes you vulnerable to cold.
   rPois:     It protects you from poison.
   Rampage:   It bestows one free step when moving towards enemies.
 M - the +27 Lear's hauberk (melded)
   (You found it on level 7 of the Dungeon)
 V - a +0 kite shield
Magical Staves
 n - a staff of air
 T - a staff of poison
 W - a staff of death
Jewellery
 g - an amulet of regeneration (around neck)
 s - an amulet of guardian spirit
 w - a +4 ring of slaying
 A - a ring of willpower (left claw)
 O - a +6 ring of strength (right claw)
 Y - a ring of protection from cold
Wands
 c - a wand of acid (1)
 e - a wand of digging (5)
 p - a wand of charming (14)
 x - a wand of flame (70)
 Q - a wand of polymorph (11)
Scrolls
 h - a scroll of enchant weapon
 q - a scroll of fear
 v - a scroll of noise {unknown}
 y - 2 scrolls of identify
 G - 2 scrolls of blinking
 K - a scroll of enchant armour
 P - a scroll of fog
 X - a scroll of teleportation
Potions
 i - 3 potions of brilliance
 k - 2 potions of haste {unknown}
 m - 2 potions of magic {unknown}
 o - a potion of degeneration {unknown}
 z - 3 potions of cancellation
 B - 6 potions of heal wounds
 C - 3 potions of berserk rage
 F - a potion of invisibility {unknown}
 I - a potion of resistance {unknown}
 N - 3 potions of ambrosia
 Z - 3 potions of attraction {unknown}
Miscellaneous
 L - a condenser vane
 S - a phantom mirror


   Skills:
 + Level 10.3 Fighting
 - Level 4.2 Short Blades
 + Level 4.1 Crossbows
 * Level 10.6 Armour
 - Level 6.0 Dodging
 - Level 2.0 Stealth
 + Level 11.2 Unarmed Combat
 + Level 6.5 Spellcasting
 + Level 7.9 Transmutations
 - Level 3.0 Air Magic


You had 22 spell levels left.
You knew the following spells:

 Your Spells              Type           Power      Damage    Failure   Level
a - Beastly Appendage     Tmut           52%        N/A       1%          1
b - Wereblood             Tmut           26%        N/A       1%          2

Your spell library contained the following spells:

 Spells                   Type           Power      Damage    Failure   Level
 Sting                    Tmut/Pois      60%        1d6       3%          1
 Spider Form              Tmut/Pois      15%        N/A       9%          3
 Corpse Rot               Necr/Air       16%        N/A       12%         2
 Poisonous Vapours        Pois/Air       16%        N/A       12%         2
 Static Discharge         Conj/Air       8%         N/A       12%         2
 Blade Hands              Tmut           13%        N/A       16%         5
 Ice Form                 Ice/Tmut       15%        N/A       28%         4
 Irradiate                Conj/Tmut      7%         3d16      63%         5
 Animate Dead             Necr           2%         N/A       83%         4
 Cause Fear               Hex            2%         N/A       83%         4
 Dispel Undead            Necr           4%         3d7       83%         4
 Olgreb's Toxic Radiance  Pois           4%         N/A       83%         4
 Sticky Flame             Conj/Fire      4%         2d3       83%         4
 Agony                    Necr           4%         N/A       99%         5
 Dragon Form              Tmut           13%        N/A       99%         7
 Haunt                    Necr/Summ      2%         N/A       100%        7
 Infestation              Necr           2%         N/A       100%        8
 Necromutation            Tmut/Necr      7%         N/A       100%        8
 Dragon's Call            Summ           2%         N/A       100%        9


Dungeon Overview and Level Annotations

Branches:
Dungeon (12/15)            Temple (1/1) D:4            Lair (6/6) D:10
  Swamp (0/4) Lair:4        Snake (0/4) Lair:4        Slime (0/5) Lair:5
    Orc (0/2) D:10

Altars:
Ashenzari
Cheibriados
Dithmenos
Elyvilon
Fedhas
Gozag
Hepliaklqana
Kikubaaqudgha
Makhleb
Nemelex Xobeh
Okawaru
Qazlal
Ru
Sif Muna
Trog
Uskayaw
Vehumet
Wu Jian
Xom
Yredelemnul
Zin
The Shining One
Jiyva

Shops:
D:6 !   D:8 *

Annotations:
D:2 1 runed translucent door, exclusion: door, Crazy Yiuf, Terence
D:6 1 exclusion


Innate Abilities, Weirdness & Mutations

You have temporarily grown beastly horns and talons.
You have sharp fingernails.
You sometimes emit foul miasma when damaged in melee.
You are partially covered in razor-sharp scales. (AC +1, Slay +1)


Message History

Press ? for a list of commands and other information.
There is a stone staircase leading down here.
You climb downwards.
There is a stone staircase leading up, spattered with blood here.
The meliai buzzes angrily.
The meliai invokes the aid of its god against you.
Something smites you!
The meliai calls down the wrath of its god upon you.
Something smites you!
There is a stone staircase leading up, spattered with blood here.
Cast which spell? (? or * to list)
You grow a pair of large bovine horns.
Your feet morph into talons.
The +27 Lear's hauberk melds into your body.
The meliai hits you with a +0 hand axe! The meliai stings you!
You are poisoned.
The meliai poisons you!
You hit the meliai. You burn the meliai. You claw the meliai.
The meliai is heavily wounded.
You feel very sick.
The meliai hits you with a +0 hand axe!!
The meliai misses you. x2; The meliai barely misses you.
You barely miss the meliai. Your kick misses the meliai.
Your claw misses the meliai.
The meliai is heavily wounded.
You feel very sick. The meliai hits you with a +0 hand axe!
* * * LOW HITPOINT WARNING * * *
The meliai closely misses you. x3
You barely miss the meliai. Your kick misses the meliai.
Your headbutt misses the meliai.
The meliai is heavily wounded.
You feel very sick. The meliai hits you with a +0 hand axe!
* * * LOW HITPOINT WARNING * * *
You emit a cloud of foul miasma!
The meliai stings you.
* * * LOW HITPOINT WARNING * * *
You are more poisoned.
The meliai poisons you!
The meliai is engulfed in dark miasma.
The meliai is poisoned.
The meliai barely misses you. The meliai stings you!
You die...

####..................P..........
.#...........[.......PP..........
.PP.[...<.....#P.....P...........
.P...........#....P....PP........
#.......................#...... #
#...........#..........##.^....
.##........_.............P#......
....†...........y.<.....P..##....
................@÷.#.....#####.#.
.......#.##.......#..P....# #.##
.........###............#.# ####
.......### ##.P.........### #
......#.# ###........#.# #
.......## #......>...## #
....P..# ##..........# # .......#
#..........# # .......#
#.........### #


You could see a meliai (poisoned).

Vanquished Creatures
  Josephine (D:11)
  5 hydras
  4 death yaks (Lair:5)
  Urug (D:11)
  2 two-headed ogres (D:11)
  A lindwurm (Lair:5)
  Pikel (D:4)
  2 ugly things
  A deep elf pyromancer (D:11)
  A cyclops (D:11)
  A deep elf zephyrmancer (D:11)
  2 centaur zombies
  4 elephants
  Maurice (D:9)
  5 black mambas
  2 gargoyles (D:11)
  15 cane toads
  A rime drake (Lair:3)
  5 yaktaurs (D:11)
  6 komodo dragons
  2 torpor snails
  A kobold demonologist (D:11)
  A merfolk (D:11)
  2 meliai (Lair:5)
  3 trolls
  A polar bear (Lair:1)
  A hornet (D:10)
  3 blink frogs (Lair:3)
  4 wraiths
  A basilisk (Lair:5)
  34 yaks
  A vampire (D:10)
  A wyvern (D:10)
  2 steam dragons
  5 vampire mosquitoes (Lair:4)
  Menkaure (D:4)
  Duvessa (D:7)
  An acid dragon (D:11)
  15 water moccasins
  2 orc warriors
  3 black bears
  An ice beast (D:6)
  A necrophage (D:7)
  4 ogres
  3 centaurs
  16 wolves
  4 lemures (D:4)
  A phantom (D:4)
  18 bullfrogs
  A kobold brigand (D:7)
  2 gnoll sergeants (D:10)
  3 scorpions
  Dowan (D:7)
  34 killer bees
  A water moccasin skeleton (D:4)
  7 wights
  A crimson imp (D:11)
  A gnoll shaman (D:10)
  2 hounds
  A jelly (D:6)
  3 centaur skeletons
  7 orc priests
  Jessica (D:2)
  An iguana (D:5)
  9 orc wizards
  Robin (D:4)
  14 gnolls
  3 adders
  A howler monkey skeleton (D:4)
  A white imp (D:7)
  A worm (D:2)
  4 dart slugs
  44 orcs
  4 bats (D:1)
  5 endoplasms
  2 giant cockroaches
  12 goblins
  9 hobgoblins
  7 jackals (D:3)
  5 quokkas
  7 ball pythons
  3 frilled lizards
  9 kobolds
  3 rats
404 creatures vanquished.

Vanquished Creatures (collateral kills)
  An orc (D:8)
1 creature vanquished.

Vanquished Creatures (others)
  An orc (D:11)
  19 fungi
  66 plants
86 creatures vanquished.

Grand Total: 491 creatures vanquished

Notes
Turn   | Place    | Note
-------+----------+-------------------------------------------
     0 | D:1      | yoda5477 the Demonspawn Transmuter began the quest for the
                  | Orb.
     0 | D:1      | Reached XP level 1. HP: 15/15 MP: 3/3
   155 | D:1      | Gained mutation: You may rarely emit foul miasma when
                  | damaged in melee. [demonic ancestry]
   155 | D:1      | Reached XP level 2. HP: 6/21 MP: 5/5
   457 | D:1      | Reached skill level 1 in Stealth
  1352 | D:2      | Noticed Terence
  1404 | D:2      | Reached XP level 3. HP: 27/27 MP: 4/6
  1755 | D:2      | Found a faded altar of an unknown god.
  1755 | D:2      | Noticed Jessica
  1764 | D:2      | Killed Jessica
  1968 | D:2      | Reached XP level 4. HP: 25/34 MP: 5/7
  2650 | D:2      | Found a runed translucent door.
  2651 | D:2      | Noticed Crazy Yiuf
  2884 | D:3      | Found a shadowy altar of Dithmenos.
  4046 | D:2      | Reached skill level 1 in Armour
  4046 | D:2      | Reached XP level 5. HP: 9/40 MP: 1/8
  4422 | D:3      | Found a broken altar of Ashenzari.
  4600 | D:3      | Reached skill level 1 in Short Blades
  4609 | D:3      | Found an iron altar of Okawaru.
  4609 | D:3      | Found a bloodstained altar of Trog.
  5038 | D:4      | Noticed Robin
  5204 | D:4      | Killed Robin
  5280 | D:4      | Noticed Menkaure
  5325 | D:4      | Noticed an ogre
  5329 | D:4      | Reached XP level 6. HP: 47/47 MP: 7/9
  5905 | D:4      | Killed Menkaure
  5906 | D:4      | Gained mutation: You are partially covered in razor-sharp
                  | scales. (AC +1, Slay +1) [demonic ancestry]
  5906 | D:4      | Reached XP level 7. HP: 18/53 MP: 4/10
  6156 | D:4      | Found a staircase to the Ecumenical Temple.
  6169 | Temple   | Entered the Ecumenical Temple
  6432 | D:4      | Reached skill level 1 in Air Magic
  7293 | D:4      | Noticed Pikel
  7306 | D:4      | Killed Pikel
  7307 | D:4      | Gained mutation: You have sharp fingernails. [demonic
                  | ancestry]
  7307 | D:4      | Reached XP level 8. HP: 59/61 MP: 10/12
  7446 | D:4      | Learned a level 2 spell: Wereblood
  7447 | D:5      | Entered Level 5 of the Dungeon
  7734 | D:5      | Reached skill level 3 in Unarmed Combat
  8022 | D:4      | Reached skill level 5 in Fighting
  8049 | D:4      | Reached skill level 4 in Unarmed Combat
  8155 | D:5      | You fall into a shaft and drop 3 floors!
  8155 | D:8      | Found Liaphen's Assorted Antiques.
  8276 | D:6      | Reached XP level 9. HP: 58/68 MP: 10/13
  8428 | D:5      | Identified the +7 whip "Gippew" {flame, Stlth+}
 10024 | D:6      | Found Hugiatea's Distillery.
 10213 | D:7      | Noticed a troll
 10227 | D:6      | Killed a troll
 10228 | D:6      | Reached skill level 5 in Dodging
 10228 | D:6      | Reached skill level 5 in Unarmed Combat
 10361 | D:7      | Found the +27 Lear's hauberk
 10719 | D:7      | Noticed Dowan
 10720 | D:7      | Noticed Duvessa
 10772 | D:6      | HP: 3/69 [poisoned by Duvessa]
 11240 | D:7      | Killed Duvessa
 11249 | D:7      | Killed Dowan
 11585 | D:7      | Found a radiant altar of Vehumet.
 11721 | D:7      | Found an ancient bone altar of Kikubaaqudgha.
 11830 | D:8      | Identified a scroll of acquirement
 11830 | D:8      | Acquired Kikubaaqudgha's Grimoire of Dark Rites
 12191 | D:8      | Reached skill level 6 in Unarmed Combat
 12205 | D:8      | Reached XP level 10. HP: 56/76 MP: 16/16
 12608 | D:9      | Found a sacrificial altar of Ru.
 12616 | D:9      | Found a shimmering altar of Xom.
 12616 | D:9      | Found a stormy altar of Qazlal.
 12617 | D:9      | Found a basalt altar of Yredelemnul.
 12617 | D:9      | Noticed Maurice
 12812 | D:9      | Killed Maurice
 12873 | D:8      | Reached skill level 7 in Unarmed Combat
 13039 | D:9      | Found an opulent altar of Gozag.
 13129 | D:9      | Reached skill level 5 in Armour
 13713 | D:10     | Entered Level 10 of the Dungeon
 13795 | D:10     | Found an ornate altar of the Wu Jian Council.
 13828 | D:10     | Became a worshipper of the Wu Jian Council
 14065 | D:10     | Found a staircase to the Orcish Mines.
 14278 | D:10     | Reached skill level 8 in Unarmed Combat
 14666 | D:10     | Reached * piety under Wu Jian
 14846 | D:10     | Identified the +0 scale mail of Ennui {+Blink rPois Str+4
                  | Dex+3}
 14938 | D:10     | Found a staircase to the Lair.
 15345 | D:11     | Noticed a deep elf pyromancer
 15350 | D:11     | Killed a deep elf pyromancer
 15403 | D:11     | Reached XP level 11. HP: 84/84 MP: 17/17
 15435 | D:11     | Noticed a two-headed ogre
 15436 | D:11     | Noticed a two-headed ogre
 15518 | D:11     | Noticed a red ugly thing
 15579 | D:11     | Killed a red ugly thing
 15604 | D:11     | Noticed Josephine
 15614 | D:11     | Killed Josephine
 15747 | D:11     | Noticed a white ugly thing
 15818 | D:10     | Killed a white ugly thing
 15819 | D:10     | Reached skill level 9 in Unarmed Combat
 15819 | D:10     | Reached skill level 5 in Transmutations
 16180 | D:11     | Killed a two-headed ogre
 16273 | D:11     | Noticed Urug
 16290 | D:11     | Killed Urug
 16537 | D:11     | Found a hazy altar of Hepliaklqana.
 16538 | D:11     | Found a faded altar of an unknown god.
 16664 | D:11     | Reached ** piety under Wu Jian
 16740 | D:11     | Noticed a deep elf zephyrmancer
 16747 | D:11     | Killed a deep elf zephyrmancer
 16748 | D:11     | Reached skill level 10 in Unarmed Combat
 16837 | D:11     | Reached XP level 12. HP: 77/94 MP: 18/18
 16992 | D:11     | Killed a two-headed ogre
 17124 | Lair:1   | Entered Level 1 of the Lair of Beasts
 18113 | Lair:2   | Noticed an eight-headed hydra
 18126 | Lair:2   | Killed an eight-headed hydra
 18253 | Lair:2   | Noticed a six-headed hydra
 18266 | Lair:2   | Killed a six-headed hydra
 18331 | Lair:2   | Noticed a six-headed hydra
 18352 | Lair:2   | Killed a six-headed hydra
 18956 | Lair:2   | Reached skill level 5 in Spellcasting
 19207 | Lair:3   | Reached skill level 1 in Crossbows
 19282 | Lair:3   | Noticed an eight-headed hydra
 19299 | Lair:3   | Killed an eight-headed hydra
 19414 | Lair:3   | Reached *** piety under Wu Jian
 20331 | Lair:3   | Gained mutation: You sometimes emit foul miasma when
                  | damaged in melee. [demonic ancestry]
 20331 | Lair:3   | Reached XP level 13. HP: 13/102 MP: 21/21
 20792 | Lair:4   | Found a staircase to the Snake Pit.
 21013 | Lair:4   | Reached **** piety under Wu Jian
 21181 | Lair:4   | Found a staircase to the Swamp.
 21306 | Lair:4   | Reached skill level 10 in Fighting
 21306 | Lair:4   | Reached skill level 10 in Armour
 21599 | Lair:5   | Found a hide-covered altar of Uskayaw.
 21668 | Lair:5   | Reached skill level 11 in Unarmed Combat
 22101 | Lair:5   | Found a viscous altar of Jiyva.
 22102 | Lair:5   | Found a staircase to the Slime Pits.
 22166 | Lair:6   | Entered Level 6 of the Lair of Beasts
 22169 | Lair:6   | Identified the +5 ring mail of the Original Sin {Rampage
                  | rPois rC- Str+5}
 23080 | Lair:5   | HP: 5/104 [meliai (16)]
 23080 | Lair:5   | HP: 1/104 [meliai (4)]
 23080 | Lair:5   | Mangled by a meliai

Illustrated notes

Levels and vault maps discovered:
D:1:      roderic_crop_circles_arrival_small, layout_basic, minivault_4
D:2:      layout_basic, shapermc_ecumenical_altar_notcrosses, uniq_jessica,
          uniq_terence, uniq_crazy_yiuf_cottage
D:3:      layout_loops_corners, grunt_temple_overflow_bloody_war,
          cheibrodos_ashenzari_chains, amcnicky_altar_gilded
D:4:      layout_layer_cave, nicolae_tso_carved_into_rock,
          minmay_temple_entry_waves, hangedman_decor_riveting, uniq_pikel,
          uniq_menkaure, uniq_robin
D:5:      layout_loops_ring
D:6:      layout_basic, serial_shops, nicolae_shop_waterfront
D:7:      layout_rooms, vehumet_crystals, kiku_gazebo_pond_becter,
          hellmonk_guarded_unrand_lears, uniq_duvessa
D:8:      layout_basic, serial_shops, nicolae_square_shop
D:9:      layout_gridville, mainiacjoe_overflow_24_doors,
          grunt_temple_overflow_open, uniq_maurice
D:10:     layout_rooms, nicolae_wu_jian_wuxing_cycle, david_lair_shrubbed,
          orc_0_dummy, roderic_nine_men_s_morris, nicolae_two_hexagons
D:11:     layout_basic, st_stairs_4, hangedman_stone_soup,
          beargit_hepliaklqana_dungeon_heroes, uniq_urug, uniq_josephine
D:12:     layout_basic, enter_bailey_5
Temple:   jpeg_temple_island
Lair:1:   layout_chaotic_city
Lair:2:   layout_cellular_growth, grunt_megastairs_3
Lair:3:   layout_loops_ring
Lair:4:   layout_regular_city, minmay_swamp_entry_swarm,
          minmay_snake_entry_six_corridors, beast_lair_carwin_1
Lair:5:   layout_cave_shapes, slime_altar_1, basic_altar, special_room
          [special_room_bee]
Lair:6:   hangedman_lair_caniforms_friends, layout_regular_city,
          hellmonk_guarded_unrand_seven_league_boots

Skill      XL: |  1  2  3  4  5  6  7  8  9 10 11 12 13 |
---------------+----------------------------------------+-----
Stealth        | 1 2 |  2.0
Dodging        | 2 3 4 5 6 |  6.0
Transmutations | 2 3 4 5 7 |  7.9
Fighting       | 2 3 4 5 6 7 8 9 10 | 10.3
Armour         | 1 2 3 4 5 7 9 10 | 10.6
Short Blades   | 1 2 4 |  4.2
Air Magic      | 2 3 |  3.0
Spellcasting   | 3 4 5 6 |  6.5
Unarmed Combat | 4 6 8 10 11 | 11.2
Crossbows      | 2 4 |  4.1

Action                   |  1- 3 |  4- 6 |  7- 9 | 10-12 | 13-15 || total
-------------------------+-------+-------+-------+-------+-------++-------
Melee: Dagger            |    92 |   105 |       |       |       ||   197
       Unarmed           |     7 |       |       |       |       ||     7
       Headbutt          |    15 |     8 |     2 |       |       ||    25
       Kick              |    15 |    11 |     1 |     5 |     1 ||    33
       Punch             |     4 |     3 |     3 |    54 |    29 ||    93
       Hand axe          |       |    66 |   115 |       |       ||   181
       Whip              |       |       |   135 |   820 |   534 ||  1489
Throw: Boomerang         |     6 |    17 |       |       |       ||    23
       Stone             |       |     2 |    34 |     4 |       ||    40
       Dart              |       |     2 |       |    29 |     3 ||    34
 Cast: Beastly Appendage |    28 |    19 |     4 |     1 |     1 ||    53
Invok: Lunge             |       |       |       |    26 |     5 ||    31
       Whirlwind         |       |       |       |    19 |    19 ||    38
  Use: Scroll            |       |       |    14 |     4 |     4 ||    22
       Potion            |       |       |       |     4 |       ||     4
 Stab: Sleeping          |     1 |       |     1 |       |       ||     2
Armor: Robe              |    14 |     5 |       |       |       ||    19
       Scale mail        |       |    83 |   102 |       |       ||   185
       Chain mail        |       |       |    76 |   812 |   691 ||  1579
       Skin              |       |       |    22 |       |       ||    22
Dodge: Dodged            |    61 |    79 |   137 |   481 |   424 ||  1182

Table legend: (Time is in decaauts)
 A = Elapsed time spent in this place.
 B = Non-inter-level travel time spent in this place.
 C = Inter-level travel time spent in this place.
 D = Time resting spent in this place.
 E = Time spent auto-exploring this place.
 F = Levels seen in this place.
 G = Mean time per level.
                   A        B        C        D        E       F      G
               +--------+--------+--------+--------+--------+-----+--------+
         Total |  23494 |  22293 |   1201 |   6865 |   7046 |  19 | 1236.5 |
       Dungeon |  17121 |  16269 |    852 |   5789 |   5030 |  12 | 1426.8 |
        Temple |    265 |    254 |     11 |      0 |    244 |   1 |  265.0 |
          Lair |   6106 |   5768 |    338 |   1076 |   1770 |   6 | 1017.7 |
               +--------+--------+--------+--------+--------+-----+--------+

Top non-repeatable levels by time:
     D:2: 2156 daAuts
     D:4: 2110 daAuts
     D:3: 2037 daAuts
  Lair:4: 1922 daAuts
     D:6: 1742 daAuts
    D:10: 1731 daAuts
    D:11: 1698 daAuts
     D:1: 1463 daAuts
     D:8: 1338 daAuts
     D:7: 1181 daAuts
  Lair:2: 1162 daAuts
  Lair:3: 1153 daAuts
     D:5: 997 daAuts
  Lair:5: 989 daAuts
  Lair:1: 871 daAuts
